 Dungeon Crawl Stone Soup version 0.31-a0-240-gb923e448b6 (webtiles) character file.

Game seed: 9536039080349018935

86 qw the Shooter (level 4, -3/27 HPs)
             Began as a Gargoyle Hexslinger on July 11, 2023.
             Killed from afar by an orc wizard (8 damage)
             ... with a magic dart
             ... on level 3 of the Dungeon.
             The game lasted 00:00:52 (1930 turns).

qw the Shooter (Gargoyle Hexslinger)                Turns: 1930, Time: 00:00:53

Health: -3/27      AC:  9    Str: 12    XL:     4   Next: 49%
Magic:  5/5        EV: 10    Int: 13    God:
Gold:   128        SH:  0    Dex: 14    Spells: 4/5 levels left

rFire   . . .        Y - +1 sling
rCold   . . .        (no shield)
rNeg    + . .        g - +0 ring mail
rPois   inf          (no helmet)
rElec   +            k - +0 cloak
rCorr   .            (no gloves)
SInv    .            (no boots)
Will    .....        b - amulet of faith
Stlth   +            (no ring)
HPRegen 0.24/turn    (no ring)
MPRegen 0.09/turn

%: faith
@: no status effects
A: sickness immunity, AC +3, negative energy resistance 1, electricity
resistance, torment resistance 1, petrification resistance
a: no special abilities


You were on level 3 of the Dungeon.
You visited 1 branch of the dungeon, and saw 3 of its levels.

You collected 128 gold pieces.


Innate Abilities, Weirdness & Mutations

You are immune to sickness and miasma.
Your stone body is resilient. (AC +3)
You are immune to poison.
You resist negative energy. (rN+)
You are resistant to electric shocks. (rElec)
You are resistant to unholy torment.
You are immune to petrification.


   Skills:
 - Level 2.3 Fighting
 + Level 3.9 Ranged Weapons
 - Level 1.0 Armour
 - Level 1.5 Dodging
 - Level 1.0 Spellcasting
 - Level 2.6 Hexes


You had 4 spell levels left.
You knew the following spells:

 Your Spells              Type           Power      Damage    Failure   Level
a - Slow                  Hex            28%        N/A       22%         1

Your spell library contained the following spells:

 Spells                   Type           Power      Damage    Failure   Level
 Inner Flame              Hex/Fire       4%         N/A       73%         3
 Portal Projectile        Hex/Tloc       8%         N/A       73%         3
 Cause Fear               Hex            3%         N/A       91%         4

Inventory:

Hand Weapons
 Y - a +1 sling (weapon)
Armour
 g - a +0 ring mail (worn)
 k - a +0 cloak (worn)
Jewellery
 b - an amulet of faith (around neck)
Scrolls
 a - a scroll of identify
 c - a scroll of fog {unknown}
 j - a scroll of fear {unknown}
Potions
 d - a potion of cancellation {unknown}
 e - a potion of heal wounds {unknown}
 f - a potion of magic {unknown}
 h - a potion of degeneration {unknown}
 i - a potion of attraction {unknown}

Dungeon Overview and Level Annotations

Branches:
Dungeon (3/15)

Altars:

Shops:
D:1 :

Annotations:
D:2 1 runed translucent door, Crazy Yiuf


Message History

The orc closely misses you.
The orc wizard mumbles some strange words.
The orc wizard flickers and vanishes!
Deactivating autopickup; reactivate with Ctrl-A.
You shoot a sling bullet. The sling bullet barely misses the orc.
You hear some strange, mumbled words.
A magic dart appears from out of thin air!
The magic dart hits you! The orc hits you but does no damage.
You shoot a sling bullet. The sling bullet hits the orc.
The orc is severely wounded.
Something hits you but does no damage. The orc hits you but does no damage.
You shoot a sling bullet. The sling bullet barely misses the orc.
You hear some strange, mumbled words.
Something tries to affect you, but you resist.
The orc completely misses you. The orc hits you with a +0 club.
You hear some strange, mumbled words.
A puff of flame appears from out of thin air!
The puff of flame hits you.
You shoot a sling bullet. The sling bullet barely misses the orc.
Something hits you. The orc closely misses you.
You shoot a sling bullet. The sling bullet hits the orc.
You kill the orc!
You hear some strange, mumbled words.
A puff of flame appears from out of thin air!
The puff of flame hits you but does no damage.
You shoot a sling bullet.
The sling bullet closely misses the orc.
Something hits you but does no damage. The orc hits you but does no damage.
The orc barely misses you. Something completely misses you.
You shoot a sling bullet. The sling bullet hits the orc.
The orc is moderately wounded.
You hear some strange, mumbled words.
Something tries to affect you, but you resist.
The orc hits you but does no damage.
You shoot a sling bullet. The sling bullet hits the orc.
You kill the orc!
You hear some strange, mumbled words.
A magic dart appears from out of thin air!
The magic dart hits you!
You die...

#..... ########.....
...>.........
.............
########..... #.....
######### #.....
......){# ########.....
#######@# #............
........####.#######.##.
.................###.##.
.#####.......###.#......
#.####### #.....###
#.###########.#####
#.#..........[#....
#.#.........#.#.###
#.#................


There were no monsters in sight!

Vanquished Creatures
  3 adders
  A worm (D:2)
  A dart slug (D:3)
  2 orcs (D:3)
  4 ball pythons
  2 endoplasms
  2 giant cockroaches
  5 goblins
  6 hobgoblins
  8 jackals
  3 kobolds
  A quokka (D:3)
  6 bats
  4 frilled lizards
  3 rats
51 creatures vanquished.

Notes
Turn   | Place    | Note
-------+----------+-------------------------------------------
     0 | D:1      | qw the Gargoyle Hexslinger began the quest for the Orb.
     0 | D:1      | Reached XP level 1. HP: 12/12 MP: 2/2
     0 | D:1      | 0 ||| qw: Version: 0.3-a-52-g30416fa
     0 | D:1      | 0 ||| qw: Game counter: 6046
     0 | D:1      | 0 ||| qw: Melee chars always use a shield: true
     0 | D:1      | 0 ||| qw: God list: Okawaru
     0 | D:1      | 0 ||| qw: Allow faded altars: false
     0 | D:1      | 0 ||| qw: Do Orc after clearing Dungeon:15 true
     0 | D:1      | 0 ||| qw: Do second Lair branch before Depths: true
     0 | D:1      | 0 ||| qw: Lair rune preference: random
     0 | D:1      | 0 ||| qw: Goals: Normal
     0 | D:1      | 0 ||| PLANNING D:1-11
    65 | D:1      | Found a faded altar of an unknown god.
   201 | D:1      | Reached XP level 2. HP: 16/16 MP: 3/3
   462 | D:1      | Found Jataaj's Book Shop.
   580 | D:1      | Reached skill level 3 in Ranged Weapons
   799 | D:1      | 799 ||| UPGRADING to +0 leather armour.
   809 | D:1      | 809 ||| DROPPING +0 robe.
   810 | D:1      | 810 ||| UPGRADING to +0 cloak.
   815 | D:1      | 815 ||| DROPPING scarf of shadows.
   816 | D:1      | 816 ||| DROPPING ring of wizardry.
   817 | D:1      | 817 ||| READING 2 scrolls labelled YHUEGG QOILA.
   818 | D:1      | 818 ||| READING scroll labelled MESHRO NIWAH.
   819 | D:1      | 819 ||| DRINKING 3 bubbling blue potions.
   820 | D:1      | 820 ||| DROPPING scroll of poison.
   821 | D:1      | 821 ||| DROPPING 2 potions of invisibility.
   840 | D:2      | 840 ||| STAIRDANCE
   847 | D:1      | Reached XP level 3. HP: 17/21 MP: 4/4
   865 | D:2      | 865 ||| STAIRDANCE
  1144 | D:2      | Reached XP level 4. HP: 9/27 MP: 5/5
  1250 | D:2      | 1250 ||| Stepping ~*~*~tactically~*~*~ (water).
  1493 | D:2      | Found a runed translucent door.
  1494 | D:2      | Noticed Crazy Yiuf
  1497 | D:2      | 1497 ||| UPGRADING to +0 ring mail.
  1507 | D:2      | 1507 ||| DROPPING +0 leather armour.
  1508 | D:2      | 1508 ||| UPGRADING to amulet of faith.
  1513 | D:2      | 1513 ||| READING 2 scrolls labelled LUHOHI LE KUADGH.
  1514 | D:2      | 1514 ||| DROPPING scroll of butterflies.
  1853 | D:3      | Reached skill level 1 in Armour
  1926 | D:3      | HP: 4/27 [something (4)]
  1930 | D:3      | Killed from afar by an orc wizard

Levels and vault maps discovered:
D:1:      arrival_zaba_pyramid, layout_basic, serial_shops, shop,
          shapermc_ecumenical_altar_starsandcircs, minmay_crystal_water,
          minmay_hexomino_f4
D:2:      wander_river, layout_rooms, st_stairs_9, minmay_split_cup_large,
          uniq_crazy_yiuf_cottage
D:3:      layout_basic, serial_shops, shop, uniq_robin

Skill      XL: |  1  2  3  4 |
---------------+-------------+-----
Ranged Weapons | 3 |  3.9
Fighting       | 2 |  2.3
Armour         | 1 |  1.0
Dodging        | |  1.5
Spellcasting   | |  1.0
Hexes          | |  2.6

Action                     |  1- 3 |  4- 6 || total
---------------------------+-------+-------++-------
   Fire: Sling             |   137 |    73 ||   210
    Use: Scroll            |     2 |     1 ||     3
         Potion            |     1 |       ||     1
 Armour: Robe              |     8 |       ||     8
         Leather armour    |    48 |    15 ||    63
         Ring mail         |       |    11 ||    11
  Dodge: Dodged            |    77 |    33 ||   110

Table legend:
 A = Non-vault XP
 B = Vault XP
 C = Vault XP percentage of total XP
 D = Non-vault monster count
 E = Vault monster count
 F = Vault count percentage of total count
                 A         B        C        D         E       F
            +---------+---------+-------+---------+---------+-------
      Total |     111 |      15 |  11.9 |      44 |       7 |  13.7
            +---------+---------+-------+---------+---------+-------
        D:1 |      47 |       2 |   4.1 |      22 |       1 |   4.3
        D:2 |      41 |      13 |  24.1 |      11 |       6 |  35.3
        D:3 |      23 |       0 |   0.0 |      11 |       0 |   0.0
            +---------+---------+-------+---------+---------+-------
